Map: Thunderbird LE

Players

Hellraiser - Winner!

  • Race: Protoss Protoss
  • Spawn Location: 5:00

Cham

  • Race: Zerg Zerg
  • Spawn Location: 11:00

VOD

Have the link to the VOD?

Description

Time

  • Played on: Sept. 7, 2019, 10:54 a.m.
  • Length: 19:23
Show
View Real Time Build Order
Export as new Build Order

Hellraiser Protoss - Winner!

Build Orders: 1 Gate Expand, Oracle Opening, Phoenix Opening 

Get SALT Encoding   

  12  0:01  Probe  
  13  0:13  Probe  
  14  0:20  Pylon  
  14  0:25  Probe  
  15  0:34  Probe  
  15  0:38  Gateway  
  15  0:42  Probe  
  16  0:47  Assimilator  
  17  0:53  Probe  
  18  1:05  Probe  
  19  1:20  Nexus  
  19  1:24  Probe  
  20  1:33  Cybernetics Core  
  20  1:37  Probe  
  21  1:43  Assimilator  
  21  1:49  Probe  
  21  1:52  Pylon  
  22  2:00  Adept  
  22  2:01  Probe  
  23  2:13  Probe  
  26  2:18  Stargate  
  26  2:20  Adept  
  26  2:25  Warp Gate, Probe  
  26  2:28  Probe  
  27  2:36  Probe  
  30  2:37  Probe  
  32  2:46  Probe  
  32  2:49  Probe  
  32  2:50  Adept  
  36  2:58  Probe, Phoenix  
  36  3:01  Probe  
  40  3:10  Probe  
  41  3:13  Pylon, Probe  
  41  3:15  Oracle  
  42  3:23  Probe  
  46  3:31  Probe  
  45  3:35  Probe  
  46  3:43  Probe  
  46  3:45  Gateway  
  46  3:47  Probe  
  46  3:48  Assimilator  
  46  3:49  Oracle  
  46  3:50  Assimilator  
  46  3:55  Probe  
  50  3:59  Probe  
  50  4:01  Pylon  
  51  4:07  Probe  
  51  4:08  Robotics Facility  
  52  4:11  Probe  
  52  4:14  Forge  
  53  4:18  Oracle  
  53  4:19  Probe  
  53  4:23  Probe  
  58  4:31  Probe  
  58  4:35  Probe  
  58  4:37  Protoss Ground Weapons Level 1  
  60  4:42  Pylon  
  60  4:43  Probe  
  60  4:44  Pylon x2  
  61  4:47  Probe  
  62  5:00  Observer, Oracle  
  62  5:03  Zealot, Nexus  
  62  5:04  Probe, Zealot  
  62  5:05  Probe  
  72  5:07  Pylon  
  72  5:14  Immortal  
  72  5:17  Probe x2  
  75  5:29  Probe x2  
  75  5:32  Sentry x2  
  75  5:34  Shield Battery  
  81  5:41  Immortal  
  81  5:42  Robotics Bay  
  81  5:44  Gateway, Probe  
  81  5:45  Gateway  
  81  5:46  Probe  
  83  5:56  Probe  
  88  5:58  Probe  
  89  6:05  Gateway x2  
  89  6:10  Immortal, Probe  
  90  6:15  Probe  
  90  6:17  Pylon  
  91  6:22  Probe  
  91  6:24  Probe  
  97  6:27  Probe  
  97  6:30  Twilight Council  
  98  6:34  Colossus  
  98  6:36  Probe  
  99  6:43  Probe  
  99  6:44  Probe  
  99  6:45  Protoss Ground Armor Level 1  
  99  6:46  Assimilator  
  101  6:48  Forge  
  101  6:49  Pylon  
  101  6:50  Protoss Ground Weapons Level 2, Assimilator  
  101  6:53  Extended Thermal Lance  
  107  7:04  Stalker x2  
  107  7:05  Stalker  
  113  7:12  Shield Battery  
  113  7:14  Photon Cannon  
  113  7:16  Shield Battery  
  113  7:18  Pylon, Probe  
  113  7:20  Warp Prism  
  114  7:26  Blink  
  116  7:30  Probe  
  116  7:31  Probe  
  118  7:42  Pylon  
  118  7:43  Colossus  
  118  7:44  Nexus  
  118  7:50  Gateway  
  118  7:52  Probe x2  
  118  7:53  Gateway  
  118  7:54  Probe  
  127  8:02  Pylon  
  127  8:03  Photon Cannon  
  127  8:04  Photon Cannon  
  127  8:07  Sentry x2, Stalker  
  127  8:08  Sentry, Stalker  
  127  8:10  Stalker  
  139  8:32  Stalker x2  
  139  8:33  Stalker x2  
  147  8:35  Protoss Ground Armor Level 2  
  147  8:46  Nexus  
  147  8:50  Assimilator  
  147  8:51  Pylon  
  147  8:54  Pylon, Stalker  
  147  8:55  Pylon  
  149  8:56  Assimilator  
  149  9:02  Colossus  
  149  9:03  Pylon  
  149  9:05  Photon Cannon, Pylon  
  155  9:17  Probe  
  155  9:18  Templar Archives, Charge  
  155  9:21  Stalker x5  
  166  9:26  Protoss Shields Level 1  
  166  9:44  Psionic Storm  
  166  9:45  Gateway  
  166  9:47  Gateway  
  166  9:49  Probe x2  
  168  9:57  Nexus  
  168  9:58  Pylon  
  168  10:04  Colossus  
  165  10:17  High Templar x4  
  165  10:19  Stalker x3  
  179  10:23  Photon Cannon  
  179  10:25  Photon Cannon, Probe  
  179  10:26  Photon Cannon  
  178  10:29  Photon Cannon, Pylon  
  178  10:30  Shield Battery, Pylon  
  178  10:37  Dark Shrine  
  178  10:44  Probe x3  
  178  10:47  Photon Cannon  
  178  10:48  High Templar, Protoss Ground Weapons Level 3, Archon, Pylon  
  178  10:49  Archon x2, High Templar  
  185  10:52  Pylon, Archon  
  185  10:53  Archon  
  185  10:55  High Templar x2  
  185  10:56  Warp Prism  
  189  11:10  Probe  
  192  11:15  Protoss Ground Armor Level 3  
  192  11:29  Stalker x4  
  198  11:57  Gateway  
  198  11:58  Gateway  
  198  11:59  Stalker  
  196  12:10  High Templar x2  
  200  12:18  Assimilator  
  200  12:20  Assimilator  
  200  12:28  Gateway  
  200  12:29  Gateway  
  200  12:32  Gateway  
  200  12:35  Gateway  
  200  12:41  Gateway  
  200  12:43  Gateway, Shadow Stride  
  200  12:45  Gravitic Drive  
  200  13:04  Nexus  
  200  13:33  Warp Prism  
  200  13:43  Gravitic Boosters  
  200  13:44  Pylon  
  200  13:55  Nexus  
  198  14:03  Protoss Shields Level 2  
  198  14:04  Observer  
  192  14:44  Observer  
  166  15:09  Probe  
  166  15:10  Pylon  
  166  15:11  Stalker x6  
  166  15:12  Stalker x10  
  189  15:33  Probe  
  160  16:05  Stalker x2  
  160  16:06  Stalker x10  
  160  16:07  Stalker x6  
  194  16:18  Protoss Shields Level 3  
  164  16:33  Stalker x7  
  164  16:34  Stalker x10  
  164  16:35  Stalker  
  200  16:59  Pylon x2  
  197  17:07  Observer  
  198  17:11  Cybernetics Core  
  198  17:13  Fleet Beacon  
  198  17:14  Protoss Air Weapons Level 1  
  198  17:16  Nexus  
  198  17:20  Stargate  
  198  17:29  Observer  
  198  17:50  Observer  
  199  17:54  Stargate  
  199  17:55  Stargate  
  199  17:56  Stargate  
  183  18:01  Stargate  
  173  18:06  Stalker x3  
  173  18:07  Stalker x11  
  173  18:11  Photon Cannon  
  196  18:14  Photon Cannon  
  196  18:15  Photon Cannon  
  196  18:16  Photon Cannon x2, Shield Battery  
  196  18:19  Photon Cannon, Pylon  
  196  18:20  Shield Battery  
  162  18:47  Stalker x3  
  162  18:48  Stalker x12  
  172  18:49  Stalker  
  172  18:53  Pylon  
  172  18:55  Stalker x2  
  186  18:56  Probe  
  186  18:57  Probe x3  
  186  18:58  Probe x2  
Show
View Real Time Build Order
Export as new Build Order

Cham Zerg 

Build Orders: Hatch First, Brood Lord Corruptor 

Get SALT Encoding   

  12  0:00  Drone  
  13  0:07  Drone  
  14  0:16  Overlord  
  14  0:35  Drone x2  
  16  0:49  Hatchery  
  15  0:52  Drone  
  15  0:55  Drone  
  17  0:59  Drone  
  18  1:10  Extractor  
  17  1:14  Spawning Pool  
  17  1:17  Drone  
  17  1:21  Drone  
  18  1:33  Drone  
  19  1:40  Drone  
  20  1:50  Drone  
  21  2:01  Overlord  
  21  2:02  Queen x2  
  21  2:04  Zergling x2  
  26  2:12  Metabolic Boost  
  26  2:13  Zergling x2  
  27  2:16  Drone  
  28  2:23  Drone  
  28  2:27  Drone  
  30  2:38  Hatchery  
  29  2:44  Queen  
  29  2:49  Overlord  
  31  2:53  Zergling x2  
  31  2:55  Zergling x2  
  33  3:02  Overlord  
  33  3:03  Drone  
  33  3:04  Drone  
  35  3:12  Drone x3  
  38  3:16  Overlord  
  38  3:19  Drone  
  38  3:24  Spore Crawler  
  35  3:32  Drone x4  
  38  3:40  Spore Crawler  
  36  3:44  Drone x3  
  36  3:48  Drone x2  
  41  3:52  Drone x2  
  41  3:55  Drone  
  44  3:56  Drone  
  45  4:04  Queen  
  45  4:08  Spore Crawler, Drone  
  47  4:15  Drone  
  47  4:16  Extractor  
  47  4:19  Overlord, Drone  
  47  4:21  Drone  
  47  4:22  Drone x2  
  51  4:26  Drone x2  
  51  4:27  Drone  
  51  4:28  Spore Crawler  
  55  4:36  Overlord x3  
  53  4:39  Queen  
  54  4:47  Drone  
  54  4:48  Drone x3  
  58  4:54  Drone, Queen  
  58  4:57  Drone  
  58  4:58  Drone  
  63  5:00  Drone  
  63  5:04  Roach Warren, Lair  
  63  5:05  Drone  
  64  5:11  Overlord  
  64  5:13  Drone x2  
  66  5:15  Drone x2  
  66  5:20  Drone x2  
  66  5:21  Overlord  
  70  5:28  Drone x4  
  70  5:30  Overlord  
  70  5:32  Drone, Queen  
  73  5:35  Extractor x2  
  73  5:37  Extractor x2  
  73  5:38  Extractor  
  73  5:39  Overlord x2  
  68  5:43  Drone x2  
  68  5:45  Drone x2  
  72  5:52  Drone  
  72  5:53  Overlord, Drone x3  
  76  6:06  Baneling Nest, Evolution Chamber, Drone  
  76  6:07  Drone  
  76  6:14  Drone x5  
  76  6:15  Glial Reconstitution  
  76  6:18  Spore Crawler, Drone, Overlord  
  82  6:19  Hatchery  
  82  6:22  Roach x3  
  86  6:27  Roach x3  
  86  6:32  Overlord  
  92  6:33  Roach x2  
  96  6:45  Roach x7  
  110  6:56  Overlord  
  110  6:57  Drone x5, Pneumatized Carapace  
  115  7:02  Centrifical Hooks  
  115  7:03  Zerg Missile Weapons Level 1  
  115  7:04  Overlord  
  115  7:08  Drone  
  115  7:09  Drone x4  
  115  7:13  Overlord  
  115  7:14  Overlord  
  115  7:15  Drone x2  
  122  7:19  Drone  
  122  7:20  Drone  
  124  7:24  Overlord  
  124  7:29  Drone x2  
  127  7:30  Drone  
  127  7:32  Extractor  
  128  7:37  Zergling x4, Extractor, Roach x3  
  128  7:38  Zergling x4  
  128  7:41  Infestation Pit  
  128  7:43  Zergling x6  
  137  7:45  Overlord  
  137  7:46  Roach  
  137  7:47  Roach  
  137  7:49  Drone  
  137  7:50  Spore Crawler  
  140  7:54  Zergling x2, Roach  
  143  8:01  Overlord  
  143  8:02  Zergling x2, Roach x2  
  143  8:03  Zergling x2  
  143  8:05  Zergling x12  
  154  8:10  Zergling x4  
  157  8:16  Zergling x10  
  162  8:21  Hive  
  162  8:23  Spire, Drone  
  162  8:24  Zergling x2  
  162  8:25  Zergling x4  
  165  8:31  Overlord  
  165  8:32  Drone  
  166  8:37  Hatchery  
  166  8:41  Zergling x22  
  158  8:47  Roach x2  
  168  8:52  Zergling x6, Roach  
  173  8:55  Baneling  
  173  8:56  Baneling x12  
  173  8:58  Zerg Melee Weapons Level 1  
  173  9:04  Zergling x14  
  178  9:10  Ravager x2  
  178  9:11  Ravager x2  
  178  9:12  Ravager x3  
  178  9:13  Zergling x6  
  187  9:22  Zergling x8  
  191  9:24  Baneling x6  
  191  9:27  Zergling x4  
  191  9:30  Baneling  
  191  9:31  Baneling x13  
  193  9:33  Overlord, Drone x2  
  193  9:35  Overlord  
  193  9:36  Zergling x8  
  199  9:44  Greater Spire  
  199  9:45  Adrenal Glands  
  199  9:46  Overseer  
  199  10:22  Spine Crawler x2  
  199  10:24  Spine Crawler x2  
  195  10:29  Spine Crawler  
  195  10:31  Spine Crawler  
  193  10:35  Spore Crawler  
  192  10:43  Corruptor x2  
  192  10:44  Corruptor  
  198  11:03  Extractor  
  197  11:05  Extractor  
  183  11:11  Corruptor  
  183  11:12  Corruptor x5  
  183  11:16  Baneling x13  
  183  11:17  Baneling x6  
  183  11:18  Baneling x9  
  195  11:23  Brood Lord x3  
  181  11:40  Zergling x8  
  181  11:46  Brood Lord  
  181  11:47  Brood Lord x4  
  194  12:02  Corruptor  
  194  12:03  Zerg Flyer Weapons Level 1  
  194  12:05  Spire  
  192  12:10  Corruptor x3  
  192  12:12  Drone x4  
  192  12:13  Drone  
  200  12:23  Spore Crawler x2  
  200  12:25  Drone  
  200  12:26  Spore Crawler, Drone x2  
  200  12:31  Zerg Ground Armor Level 1, Spore Crawler  
  200  12:35  Spine Crawler x2  
  200  12:36  Spine Crawler  
  197  12:37  Spine Crawler  
  196  12:46  Pathogen Glands  
  196  12:48  Burrow  
  196  12:55  Spore Crawler  
  196  12:57  Spore Crawler  
  194  13:01  Infestor x3  
  185  13:33  Zerg Flyer Armor Level 1  
  185  13:37  Corruptor x4  
  185  13:40  Infestor x3  
  199  13:43  Neural Parasite  
  197  13:56  Spine Crawler  
  197  13:57  Spine Crawler x2  
  194  14:04  Infestor  
  194  14:06  Brood Lord  
  198  14:10  Drone  
  198  14:12  Spore Crawler x3  
  198  14:13  Spore Crawler x2  
  160  14:44  Corruptor  
  160  14:45  Corruptor x3  
  164  14:49  Infestor x4  
  164  14:50  Drone  
  164  14:51  Drone x7  
  164  14:52  Overlord x3  
  182  14:59  Hatchery  
  153  15:01  Zergling x2, Roach x6  
  153  15:05  Zergling x2, Roach x2  
  154  15:13  Corruptor x3  
  159  15:20  Drone  
  159  15:21  Drone x2  
  154  15:35  Roach x5  
  162  15:36  Overlord  
  162  15:38  Brood Lord x2  
  166  15:52  Overlord x2  
  166  15:54  Overlord  
  166  15:55  Overlord  
  162  15:59  Brood Lord x5  
  167  16:05  Hatchery  
  167  16:07  Corruptor  
  168  16:12  Lair  
  167  16:25  Corruptor  
  166  16:32  Infestor x2  
  172  16:37  Infestor  
  174  16:48  Drone x3  
  177  17:01  Roach x2  
  177  17:02  Roach  
  181  17:33  Corruptor  
  181  17:35  Overlord  
  183  17:42  Unknown x2, Spine Crawler  
  183  17:43  Spore Crawler, Infestor x2  
  183  17:48  Overlord x2  
  161  18:18  Corruptor, Overlord x2  
  161  18:19  Corruptor x3  
  143  18:33  Roach x2  
  134  18:39  Infestor  
  116  18:59  Ravager x2  
  116  19:00  Ravager x3  
Tags
 
Add a new tag
Caveats
  • Supply blocks, unpowered buildings, or Contaminate may cause inaccurate times.
  • Supply counts are checked every 10 seconds.